 Dungeon Crawl Stone Soup version 0.26.1-11-gd32895ea62 (webtiles) character file.

Game seed: 9064903149422358493

42 nomophobia the Skirmisher (level 3, 0/28 (29) HPs)
             Began as a Demonspawn Abyssal Knight on May 20, 2021.
             Was a Believer of Lugonu.
             Slain by a worm (6 damage)
             ... on level 2 of the Dungeon.
             The game lasted 00:12:49 (1705 turns).

nomophobia the Skirmisher (DsAK)                    Turns: 1705, Time: 00:12:49

HP:   0/28 (29)     AC:  9    Str: 13    XL:     3   Next: 33%
MP:   3/4           EV:  9    Int: 13    God:    Lugonu [**....]
Gold: 94            SH:  0    Dex: 12    Spells: 2/2 levels left

rFire    + . .     SeeInvis .     - Unarmed
rCold    . . .     Faith    .   (no shield)
rNeg     . . .     Spirit   .   f - +0 scale mail
rPois    .         Reflect  .   (helmet restricted)
rElec    .         Harm     .   a - +2 cloak
rCorr    .         Rampage  .   (no gloves)
Will     .....                  (no boots)
Stlth    ..........             (no amulet)
HPRegen  0.09/turn              (no ring)
MPRegen  0.09/turn              (no ring)

@: lightly drained
A: antennae 1, fire resistance 1
a: Renounce Religion, Depart the Abyss, Bend Space


You were on level 2 of the Dungeon.
You worshipped Lugonu.
Lugonu was pleased with you.
You visited 1 branch of the dungeon, and saw 2 of its levels.
You visited the Abyss 1 time.

You collected 94 gold pieces.

Inventory:

Armour
 a - a +2 cloak (worn)
 f - a +0 scale mail (worn)
Scrolls
 c - a scroll of teleportation
 d - a scroll of remove curse {unknown}
 e - 2 scrolls of random uselessness {unknown}
 g - a scroll of magic mapping {unknown}
Potions
 b - a potion of mutation {unknown}
 h - a potion of ambrosia {unknown}


   Skills:
 + Level 3.5 Fighting
 + Level 2.4 Armour
 - Level 0.8 Dodging
 + Level 2.4 Unarmed Combat
 - Level 2.4 Invocations


You had 2 spell levels left.
You didn't know any spells.
Your spell library was empty.

Dungeon Overview and Level Annotations

Branches:
Dungeon (2/15)

Altars:


Innate Abilities, Weirdness & Mutations

You have a pair of small antennae on your head.
Your flesh is heat resistant. (rF+)


Message History

Press: ? - help, Dir - move target Your weapon can't reach that far!
Okay, then.
You don't know any spells.
Space bends around you!
You blink.
You hit the worm.
The worm is moderately wounded.
You hit the worm.
The worm is severely wounded.
The worm bites you.
* * * LOW HITPOINT WARNING * * *
You hit the worm.
The worm is almost dead.
The worm bites you but does no damage.
You completely miss the worm.
The worm is severely wounded.
You hit the worm but do no damage.
The worm is severely wounded.
The worm bites you.
You die...

.. ..... ....
.............# #.#
######.. #.##.
#.##.####.#### #.# #..
#.##.##.##.# #.# #.#
#.##.##.##.####.######
#.##.##...).........
#.##..#.##.####.#######
..................
#.###..w##.######## ##
##.@##.# .. #..##+# ..
..... .. ........ ##+
###...>... ...
#........ #∩#
#......... #.........#


You could see a worm.

Vanquished Creatures
  An ooze (D:1)
  A dart slug (D:2)
  3 giant cockroaches
  8 goblins
  4 hobgoblins
  6 kobolds
  7 bats
  2 frilled lizards (D:1)
  2 rats (D:1)
34 creatures vanquished.

Notes
Turn   | Place    | Note
-------+----------+-------------------------------------------
     0 | Abyss:1  | nomophobia the Demonspawn Abyssal Knight began the quest
                  | for the Orb.
     0 | Abyss:1  | Reached XP level 1. HP: 18/18 MP: 2/2
    31 | D:1      | Escaped the Abyss
    35 | D:1      | Noticed an electric eel
    36 | D:1      | Noticed an electric eel
   682 | D:1      | Gained mutation: You have a pair of small antennae on your
                  | head. [demonic ancestry]
   682 | D:1      | Reached XP level 2. HP: 23/24 MP: 3/3
  1143 | D:1      | Gained mutation: Your flesh is heat resistant. (rF+)
                  | [demonic ancestry]
  1143 | D:1      | Reached XP level 3. HP: 19/29 MP: 4/4
  1475 | D:2      | Reached ** piety under Lugonu
  1580 | D:2      | Found a faded altar of an unknown god.
  1705 | D:2      | Slain by a worm

Illustrated notes

Levels and vault maps discovered:
D:1:      arrival_aquarium_b, layout_basic, hex_medium, chequers_jeans
D:2:      layout_basic, amethyst_overflow_temple_binary,
          chequers_ecumenical_altar_simple

Skill      XL: |  1 |
---------------+----+-----
Unarmed Combat | 2 |  2.4
Armour         | 2 |  2.4
Fighting       | |  3.5
Dodging        | |  0.8
Invocations    | |  2.4

Action                   || total
-------------------------++-------
Melee: Unarmed           ||   183
Invok: Bend Space        ||     1
  Use: Scroll            ||     2
Armor: Scale mail        ||   127
       Leather armour    ||    11
Dodge: Dodged            ||   123
